 Dungeon Crawl Stone Soup version 0.27-a0-1202-ge72e49191c (webtiles) character file.

Game seed: 13477801999698496142

3 bilbop the Shield-Bearer (level 1, -5/20 HPs)
             Began as a Minotaur Fighter on June 3, 2021.
             Slain by a gnoll
             ... wielding a +0 flail
              (7 damage)
             ... on level 1 of the Dungeon.
             The game lasted 00:00:40 (138 turns).

bilbop the Shield-Bearer (Minotaur Fighter)          Turns: 138, Time: 00:00:40

Health: -5/20      AC:  7    Str: 20    XL:     1   Next: 41%
Magic:  0/0        EV:  7    Int:  5    God:
Gold:   7          SH:  9    Dex:  9    Spells: 0/0 levels left

rFire    . . .     SeeInvis .   a - +0 flail
rCold    . . .     Faith    .   c - +0 kite shield
rNeg     . . .     Spirit   .   b - +0 scale mail
rPois    .         Reflect  .   (helmet restricted)
rElec    .         Harm     .   (no cloak)
rCorr    .         Rampage  .   (no gloves)
Will     .....                  (no boots)
Stlth    ..........             (no amulet)
HPRegen  0.06/turn              (no ring)
MPRegen  0.07/turn              (no ring)

@: no status effects
A: horns 2, retaliatory headbutt
a: no special abilities


You were on level 1 of the Dungeon.
You visited 1 branch of the dungeon, and saw 1 of its levels.

You collected 7 gold pieces.

Inventory:

Hand Weapons
 a - a +0 flail (weapon)
Armour
 b - a +0 scale mail (worn)
 c - a +0 kite shield (worn)
Potions
 d - a potion of might


   Skills:
 + Level 3.7 Fighting
 * Level 2.6 Maces & Flails
 + Level 3.7 Armour
 + Level 3.7 Shields


You couldn't memorise any spells.
You didn't know any spells.
Your spell library was empty.

Dungeon Overview and Level Annotations

Branches:
Dungeon (1/15)

Altars:

Shops:
D:1 [


Innate Abilities, Weirdness & Mutations

You have a pair of horns on your head.
You reflexively headbutt those who attack you in melee.


Message History

A gnoll comes into view. It is wielding a +0 flail.
A rat comes into view.
The gnoll shouts!
Found a ring mail.
You barely miss the kobold. The kobold hits you with a +0 dagger.
You hit the kobold.
The kobold is heavily wounded.
The kobold barely misses you. The kobold hits you but does no damage.
You closely miss the kobold.
The kobold is heavily wounded.
The rat bites you but does no damage. You block the kobold's attack.
You block the gnoll's attack.
You barely miss the kobold.
The kobold is heavily wounded.
The rat bites you. The kobold hits you but does no damage.
You block the gnoll's attack. The rat bites you but does no damage.
You closely miss the kobold.
The kobold is heavily wounded.
The kobold barely misses you. You block the gnoll's attack.
You block the rat's attack. The kobold barely misses you.
The gnoll hits you but does no damage.
You closely miss the kobold. Your headbutt misses the kobold.
The kobold is heavily wounded.
You block the rat's attack. The kobold hits you but does no damage.
The gnoll hits you with a +0 flail. The rat barely misses you.
You furiously retaliate!
You headbutt the rat.
You kill the rat!
You barely miss the kobold.
The kobold is heavily wounded.
The kobold barely misses you. The gnoll hits you with a +0 flail.
You block the kobold's attack. The gnoll hits you with a +0 flail.
* * * LOW HITPOINT WARNING * * *
You are too injured to fight recklessly!
You are too injured to fight recklessly!
You are too injured to fight recklessly!
You are too injured to fight recklessly!
You sock the gnoll! Your headbutt misses the gnoll.
The gnoll is heavily wounded.
The gnoll hits you with a +0 flail!
You die...

[# #.## ##...## ##.#.#.#
....... ...#####..#.#.#
#.......Kg.....# #....
#@..# ## #.#.# #...#..####
#### #.#.# #.........>
##..## #.#.#####.∩........
.#...###.#.#...........###
.#....##.#.[...##..###.#
.#.............##..# #
.##................#
..##...#.#.....###>#


You could see a gnoll and a kobold.

Vanquished Creatures
  An endoplasm (D:1)
  A frilled lizard (D:1)
  2 rats (D:1)
4 creatures vanquished.

Notes
Turn   | Place    | Note
-------+----------+-------------------------------------------
     0 | D:1      | bilbop the Minotaur Fighter began the quest for the Orb.
     0 | D:1      | Reached XP level 1. HP: 19/19 MP: 0/0
   119 | D:1      | Found Roalaen's Antique Armour Shoppe.
   138 | D:1      | Slain by a gnoll

Illustrated notes

Levels and vault maps discovered:
D:1:      dpeg_chamrin_arrival_tetris, layout_loops_ring, serial_shops, shop,
          shop

Action                   || total
-------------------------++-------
Melee: Flail             ||    10
Armor: Scale mail        ||     6
Dodge: Dodged            ||     8
Block: Kite shield       ||     8

Table legend: (Time is in decaauts)
 A = Elapsed time spent in this place.
 B = Non-inter-level travel time spent in this place.
 C = Inter-level travel time spent in this place.
 D = Time resting spent in this place.
 E = Time spent auto-exploring this place.
 F = Levels seen in this place.
 G = Mean time per level.
                   A        B        C        D        E       F      G
               +--------+--------+--------+--------+--------+-----+--------+
         Total |    142 |    142 |      0 |      0 |    119 |   1 |  142.0 |
       Dungeon |    142 |    142 |      0 |      0 |    119 |   1 |  142.0 |
               +--------+--------+--------+--------+--------+-----+--------+

Top non-repeatable levels by time:
     D:1: 142 daAuts
